 Dungeon Crawl Stone Soup version 0.24.0-123-gd5b16e6ec5 (webtiles) character file.

Game seed: 8763449485419461489, levelgen mode: deterministic

782703 sankara the Bringer of Light (level 27, -4/246 (248) HPs)
             Began as a Hill Orc Fighter on Dec 5, 2019.
             Was the Champion of the Shining One.
             Killed from afar by Asmodeus (41 damage)
             ... with damnation
             ... on level 7 of Gehenna on Jan 11, 2020.
             The game lasted 12:04:24 (89093 turns).

sankara the Bringer of Light (Hill Orc Fighter)    Turns: 89093, Time: 12:04:25

HP:   -4/246 (248)  AC: 49    Str: 34    XL:     27
MP:   6/40          EV: 18    Int:  7    God:    the Shining One [******]
Gold: 842           SH: 41    Dex: 25    Spells: 5/26 levels left

rFire    + + +     SeeInvis +   a - +9 broad axe (holy)
rCold    + . .     Gourm    .   V - +5 shield {reflect}
rNeg     + + +     Faith    .   c - +9 scales of the Dragon King {rPois rF+ rC+ MR+}
rPois    +         Spirit   .   j - +2 helmet {SInv}
rElec    +         Reflect  +   B - +3 cloak "Qomo" {rF+ Dex+4}
rCorr    .         Harm     .   n - +1 pair of gloves "Zason" {MR+ Dex+6}
MR       ++++.                  O - +2 pair of boots {Fly}
Stlth    ..........             s - amulet of Pantheism {rPois Regen+ Str+7 Int-5 Slay+5}
HPRegen  0.91/turn              v - ring "Pehuh" {rElec rF+ Dex+4 Stlth+}
MPRegen  0.27/turn              d - ring of wizardry

@: divine shield, flying, glowing
A: no striking features
}: 5/15 runes: serpentine, barnacled, slimy, silver, abyssal
a: Divine Shield, Cleansing Flame, Summon Divine Warrior, Renounce Religion,
Stop Flying


You were on level 7 of Gehenna.
You worshipped the Shining One.
The Shining One was exalted by your worship.
You were very hungry.

You visited 13 branches of the dungeon, and saw 61 of its levels.
You visited the Abyss 4 times.
You visited 1 bazaar.
You also visited: Sewer, Gauntlet and Ice Cave.

You collected 9916 gold pieces.
You spent 8521 gold pieces at shops.
You donated 553 gold pieces to Zin.

Inventory:

Hand Weapons
 a - a +9 broad axe of holy wrath (weapon)
 m - a +5 broad axe
 C - the cursed +14 obsidian axe {chop, +Fly SInv *Curse}
   (You found it on level 7 of Gehenna)

   It inflicts extra damage upon your enemies.
   It lets you see invisible.
   It lets you fly.
   It curses itself when equipped.
   It has a curse placed upon it.
   The Shining One disapproves of the use of such an item.
 Y - the +6 hunting sling of Red Wine {velocity, Dex+2}
   (You found it on level 7 of Gehenna)

   Any stone fired from it inflicts extra damage.
   It affects your dexterity (+2).
Missiles
 u - 35 javelins (quivered)
 G - 7 throwing nets
Armour
 c - the +9 scales of the Dragon King (worn) {rPois rF+ rC+ MR+}
   (You found it on level 5 of the Vaults)

   It protects you from fire.
   It protects you from cold.
   It protects you from poison.
   It affects your resistance to hostile enchantments.
 j - a +2 helmet of see invisible (worn)
 n - the +1 pair of gloves "Zason" (worn) {MR+ Dex+6}
   (You bought it in a shop on level 11 of the Dungeon)

   It affects your dexterity (+6).
   It affects your resistance to hostile enchantments.
 B - the +3 cloak "Qomo" (worn) {rF+ Dex+4}
   (You bought it in a shop on level 8 of the Dungeon)

   It affects your dexterity (+4).
   It protects you from fire.
 O - a +2 pair of boots of flying (worn)
 V - a +5 shield of reflection (worn)
Jewellery
 d - a ring of wizardry (right hand)
 p - an uncursed amulet of regeneration
 s - the amulet of Pantheism (around neck) {rPois Regen+ Str+7 Int-5 Slay+5}
   (You bought it in a shop on level 3 of the Snake Pit)

   [amulet of regeneration]

   It affects your strength (+7).
   It affects your intelligence (-5).
   It affects your accuracy and damage with ranged weapons and melee attacks
   (+5).
   It protects you from poison.
   It increases your rate of regeneration.
 v - the ring "Pehuh" (left hand) {rElec rF+ Dex+4 Stlth+}
   (You found it on level 5 of the Depths)

   [ring of stealth]

   It affects your dexterity (+4).
   It protects you from fire.
   It insulates you from electricity.
   It makes you more stealthy.
 y - an uncursed ring of resist corrosion
 Q - the ring "Dahas" {rPois MR+ Str+2}
   (You found it on level 5 of the Pits of Slime)

   [ring of protection from magic]

   It affects your strength (+2).
   It protects you from poison.
   It affects your resistance to hostile enchantments.
 X - the ring "Xesop" {rC+ Str+4}
   (You found it in a Gauntlet)

   [ring of protection from cold]

   It affects your strength (+4).
   It protects you from cold.
Wands
 b - a wand of iceblast (12)
 l - a wand of enslavement (34)
 w - a wand of acid (49)
 x - a wand of paralysis (9)
 z - a wand of digging (33)
 W - a wand of disintegration (91)
Scrolls
 g - 34 scrolls of teleportation
 h - 3 scrolls of silence
 k - 29 scrolls of remove curse
 t - 2 scrolls of magic mapping
 D - a scroll of enchant weapon
 E - 11 scrolls of blinking
 H - 28 scrolls of identify
 J - 4 scrolls of holy word
 L - 2 scrolls of summoning
 M - 20 scrolls of fear
 N - 10 scrolls of fog
Potions
 e - 3 potions of haste
 o - 3 potions of cancellation
 q - 6 potions of agility
 r - 31 potions of curing
 A - 11 potions of flight
 I - 2 potions of resistance
 P - 11 potions of heal wounds
 R - 12 potions of brilliance
 S - a potion of mutation
 T - 8 potions of might
Miscellaneous
 i - a phantom mirror
 F - a fan of gales
 K - a lamp of fire
 U - 7 sacks of spiders
 Z - a box of beasts
Comestibles
 f - 63 rations


   Skills:
 - Level 20.5 Fighting
 - Level 18.0 Axes
 - Level 23.0 Armour
 - Level 12.0 Dodging
 - Level 20.7 Shields
 + Level 22.8 Conjurations
 - Level 7.0 Charms
 - Level 9.0 Translocations
 + Level 23.2 Fire Magic
 O Level 27 Invocations


You had 5 spell levels left.
You knew the following spells:

 Your Spells              Type           Power        Failure   Level  Hunger
a - Shroud of Golubria    Chrm/Tloc      ##....       6%          2    ###....
b - Blink                 Tloc           N/A          4%          2    ###....
d - Apportation           Tloc           ##....       2%          1    ##.....
e - Song of Slaying       Chrm           #.......     10%         2    ###....
g - Swiftness             Chrm/Air       #.......     38%         2    ###....
h - Passage of Golubria   Tloc           N/A          26%         4    #####..
i - Fireball              Conj/Fire      ####......   1%          5    ######.
j - Conjure Flame         Conj/Fire      ####....     1%          3    ####...

Your spell library contained the following spells:

 Spells                   Type           Power        Failure   Level  Hunger
 Flame Tongue             Conj/Fire      ####.        0%          1    ##.....
 Magic Dart               Conj           ####         1%          1    ##.....
 Sting                    Conj/Pois      ###.         1%          1    ##.....
 Throw Flame              Conj/Fire      ####..       1%          2    ###....
 Throw Frost              Conj/Ice       ###...       1%          2    ###....
 Force Lance              Conj/Tloc      ###.....     1%          4    #####..
 Iskenderun's Mystic Bla  Conj           ####....     1%          4    #####..
 Sticky Flame             Conj/Fire      ####....     1%          4    #####..
 Inner Flame              Hex/Fire       ###.....     3%          3    ####...
 Stone Arrow              Conj/Erth      ###...       3%          3    ####...
 Infusion                 Chrm           #...         6%          1    ##.....
 Bolt of Magma            Conj/Fire/Erth ###.......   6%          5    ######.
 Iskenderun's Battlesphe  Conj/Chrm      ###.....     8%          5    ######.
 Gell's Gravitas          Tloc           ##........   9%          3    ####...
 Lesser Beckoning         Tloc           ##........   9%          3    ####...
 Teleport Other           Tloc           ##......     9%          3    ####...
 Throw Icicle             Conj/Ice       ###.....     11%         4    #####..
 Ignite Poison            Fire/Tmut/Pois ##......     14%         3    ####...
 Mephitic Cloud           Conj/Pois/Air  ##......     16%         3    ####...
 Venom Bolt               Conj/Pois      ###.......   28%         5    ######.
 Ozocubu's Armour         Chrm/Ice       #.......     58%         3    ####...
 Regeneration             Chrm/Necr      #.........   58%         3    ####...
 Spectral Weapon          Hex/Chrm       #.......     58%         3    ####...
 Beastly Appendage        Tmut           #.....       71%         1    ##.....
 Freeze                   Ice            #...         71%         1    ##.....
 Pain                     Necr           #...         71%         1    ##.....
 Sandblast                Erth           #.....       71%         1    ##.....
 Summon Butterflies       Summ           #.......     71%         1    ##.....
 Summon Small Mammal      Summ           #...         71%         1    ##.....
 Call Imp                 Summ           #.......     83%         2    ###....
 Ensorcelled Hibernation  Hex/Ice        #.....       83%         2    ###....
 Passwall                 Tmut/Erth      #.......     83%         2    ###....
 Poisonous Vapours        Pois/Air       #.....       83%         2    ###....
 Slow                     Hex            #.......     83%         2    ###....
 Sticks to Snakes         Tmut           #.......     83%         2    ###....
 Call Canine Familiar     Summ           #.......     96%         3    ####...
 Confuse                  Hex            #.......     96%         3    ####...
 Spider Form              Tmut/Pois      #.........   96%         3    ####...
 Summon Guardian Golem    Hex/Summ       #.......     96%         3    ####...
 Tukima's Dance           Hex            #.......     96%         3    ####...
 Vampiric Draining        Necr           #.........   96%         3    ####...
 Summon Forest            Summ/Tloc      #.........   99%         5    ######.
 Airstrike                Air            #.........   100%        4    #####..
 Animate Dead             Necr           N/A          100%        4    #####..
 Cause Fear               Hex            #.........   100%        4    #####..
 Ice Form                 Ice/Tmut       #.......     100%        4    #####..
 Olgreb's Toxic Radiance  Pois           #.......     100%        4    #####..
 Petrify                  Tmut/Erth      #.......     100%        4    #####..
 Summon Ice Beast         Ice/Summ       #.......     100%        4    #####..
 Summon Lightning Spire   Summ/Air       #.......     100%        4    #####..
 Alistair's Intoxication  Tmut/Pois      #.......     100%        5    ######.
 Blade Hands              Tmut           #.........   100%        5    ######.
 Borgnjor's Vile Clutch   Necr/Erth      #.........   100%        5    ######.
 Dispel Undead            Necr           #.......     100%        5    ######.
 Lee's Rapid Deconstruct  Erth           #.........   100%        5    ######.
 Metabolic Englaciation   Hex/Ice        #.........   100%        5    ######.
 Silence                  Hex/Air        #.........   100%        5    ######.
 Summon Demon             Summ           #.........   100%        5    ######.
 Summon Mana Viper        Hex/Summ       #.......     100%        5    ######.
 Yara's Violent Unravell  Hex/Tmut       #.........   100%        5    ######.
 Bolt of Fire             Conj/Fire      ####......   1%          6    #######
 Orb of Destruction       Conj           ####......   9%          7    #######
 Ignition                 Fire           ####......   45%         8    #######
 Bolt of Cold             Conj/Ice       ###.......   82%         6    #######
 Iron Shot                Conj/Erth      ###.......   82%         6    #######
 Poison Arrow             Conj/Pois      ###.......   82%         6    #######
 Ring of Flames           Chrm/Fire      ###.......   86%         7    #######
 Freezing Cloud           Conj/Ice/Air   ##........   99%         6    #######
 Darkness                 Hex            #.........   100%        6    #######
 Deflect Missiles         Chrm/Air       #.........   100%        6    #######
 Invisibility             Hex            #.......     100%        6    #######
 Ozocubu's Refrigeration  Ice            #.........   100%        6    #######
 Shadow Creatures         Summ           N/A          100%        6    #######
 Simulacrum               Ice/Necr       #.........   100%        6    #######
 Statue Form              Tmut/Erth      #........    100%        6    #######
 Dragon Form              Tmut           #.........   100%        7    #######
 Spellforged Servitor     Conj/Summ      ###.......   100%        7    #######
 Summon Hydra             Summ           #.........   100%        7    #######
 Chain Lightning          Conj/Air       ###.......   100%        8    #######
 Discord                  Hex            #.........   100%        8    #######
 Lehudib's Crystal Spear  Conj/Erth      ###.......   100%        8    #######
 Dragon's Call            Summ           #.........   100%        9    #######
 Fire Storm               Conj/Fire      ####......   100%        9    #######
 Glaciate                 Conj/Ice       ###.......   100%        9    #######


Dungeon Overview and Level Annotations

Branches:
Dungeon (15/15)            Temple (1/1) D:7            Lair (6/6) D:8
 Shoals (4/4) Lair:4        Snake (4/4) Lair:3        Slime (5/5) Lair:6
    Orc (2/2) D:11            Elf (3/3) Orc:2        Vaults (5/5) D:13
  Crypt (3/3) Vaults:3       Tomb (0/3) Crypt:3      Depths (5/5) D:15
   Hell (visited)             Dis (0/7) Hell            Geh (7/7) Hell
    Coc (0/7) Hell            Tar (0/7) Hell            Zot (0/5) Depths:5
  Sewer (visited)           IceCv (visited)         Gauntlet (visited)

Altars:
Ashenzari
Cheibriados
Dithmenos
Elyvilon
Fedhas
Gozag
Hepliaklqana
Kikubaaqudgha
Makhleb
Nemelex Xobeh
Okawaru
Qazlal
Ru
Sif Muna
Trog
Uskayaw
Vehumet
Wu Jian
Xom
Yredelemnul
Zin
The Shining One
Beogh
Jiyva
Lugonu

Shops:
D:4 :*?[   D:8 *(}*[   D:10 !   D:11 [(   Orc:2 *=:*   Shoals:4 *   Snake:2 [
Snake:3 }=}   Snake:4 =   Vaults:5 }   Depths:4 }

Portals:
Hell: Depths:1 Depths:2 Depths:3 Depths:4 Depths:5
Abyss: Depths:1 Depths:4
Pandemonium: Depths:1 Depths:3
Ziggurat: Depths:2

Annotations:
D:3 exclusion: downstairs
D:4 exclusion: upstairs
Elf:3 exclusion: door
Geh:7 Asmodeus


Message History

* * * LOW HITPOINT WARNING * * *
The damnation engulfs Asmodeus.
Asmodeus completely resists.
The golden flame engulfs you but does no damage.
You resist.
The golden flame engulfs Asmodeus!!
Asmodeus writhes in agony!
Asmodeus is almost dead.
Asmodeus shouts, "Begone, thou unctious hasty-witted scut!"
You feel somewhat more hungry.
You are engulfed in blazing flames.
You resist.
You hear a roar!
Asmodeus completely misses you.
You hit Asmodeus but do no damage.
Asmodeus is almost dead.
You are engulfed in blazing flames.
You resist.
Unknown command.
You slash Asmodeus!
Asmodeus convulses.
Asmodeus is almost dead.
You are engulfed in blazing flames.
You resist.
* * * LOW HITPOINT WARNING * * *
Asmodeus gestures at you.
The sphere of damnation explodes!
The damnation engulfs you!!!
You die...

#...#≈≈≈§≈≈**,..#..,**≈≈≈≈≈≈≈≈≈
#...#§§§≈≈≈**,.....,**≈≈≈≈≈≈≈≈≈
#..##≈§≈§≈≈***#...#***≈≈≈≈≈≈≈≈≈
#..#≈≈≈≈≈v≈* #...# *≈≈≈≈≈≈≈≈≈
#..#≈≈§≈§≈≈* #...# *≈≈≈≈≈≈≈≈≈
#..#≈≈≈≈≈≈≈* #...# *≈≈≈≈≈≈≈≈≈
#..#≈≈≈≈≈≈≈* ##○## *≈≈≈≈≈≈≈≈≈
##'###≈≈§≈≈* ##°&.## *≈≈≈≈≈≈≈≈≈
.)...#≈§§≈≈*##..@..##*≈≈≈≈≈≈≈≈≈
.....#§§§§§##..#.#..##≈≈≈≈≈≈≈≈≈
.##..#v≈§≈≈##.......##≈≈≈≈≈≈≈≈≈
.##..#§≈≈§≈##.......##§≈≈≈≈≈≈≈≈
.....#§≈§§§##..#.#..##§§≈≈≈≈≈≈≈
.....#§≈≈≈§###.....###§§≈≈≈≈≈≈≈
######≈≈§§≈≈###...###≈§§≈≈≈≈≈≈≈
§§§≈§≈≈≈≈≈≈≈≈###'###≈≈§§≈≈≈≈≈≈≈
§≈≈≈§≈≈≈≈≈≈≈≈§§#)#≈§≈≈≈≈≈≈≈≈≈≈≈


You could see Asmodeus.

Vanquished Creatures
  the Royal Jelly (Slime:5)
  Dissolution (Slime:3)
  the Serpent of Hell (Geh:7)
  3 ancient liches
  Mara (Crypt:1)
  Mennas (Vaults:3)
  Saint Roka (Snake:4)
  Jory (Vaults:3)
  Geryon (Hell)
  3 golden dragons
  2 profane servitors
  6 bone dragons
  14 liches
  Jorgrun (Shoals:2)
  13 Brimstone Fiends
  3 hellephants
  2 Hell Sentinels
  Rupert (D:13)
  2 tentacled monstrosities
  5 deep elf blademasters
  2 deep elf master archers (Elf:3)
  A titan (Depths:5)
  Asterion (Elf:2)
  2 quicksilver dragons
  Polyphemus (Shoals:1)
  22 acid blobs
  4 Executioners
  4 krakens
  21 tentacled starspawn
  3 ancient champions
  An eldritch tentacle (Geh:7)
  4 sphinxes
  4 tengu reavers
  The ghost of coffeespoons the Severer, an adept DDFi of Makhleb (Shoals:3)
  The ghost of CrPA the Severer, an adept MiFi of Okawaru (Shoals:4)
  Gastronok (Lair:3)
  8 storm dragons
  Donald (Shoals:2)
  A daeva (Abyss:1)
  6 shadow dragons
  The ghost of Loemalae the Severer, an adept FoFi of Okawaru (Depths:5)
  14 azure jellies
  16 fire giants
  6 revenants
  6 nagarajas (Snake:4)
  19 balrugs
  9 deep elf sorcerers
  A cacodemon (Hell)
  5 frost giants
  15 vault wardens
  2 draconian scorchers (Depths:5)
  3 iron dragons
  2 deep elf elementalists (Elf:3)
  9 ghouls
  Louise (Depths:1)
  3 curse skulls
  A spriggan defender (Depths:4)
  3 war gargoyles
  11 reapers
  18 ironheart preservers
  36 very ugly things
  An entropy weaver (Vaults:5)
  An ophan (Abyss:5)
  6 vampire knights
  21 stone giants
  5 deep elf demonologists
  A black draconian (Abyss:5)
  A green draconian (Depths:5)
  9 deep elf annihilators
  2 lorocyprocas
  Azrael (Elf:1)
  A yellow draconian (Depths:5)
  A minotaur (Gauntlet)
  2 red draconians (Depths:5)
  4 merfolk javelineers
  20 dire elephants
  12 eidola
  3 blizzard demons
  6 spark wasps (Depths:2)
  12 ettins
  A crystal guardian (Abyss:1)
  3 green deaths
  8 deep elf death magi
  16 jiangshi
  A kraken zombie (Hell)
  2 quicksilver dragon zombies
  3 merfolk impalers
  20 yaktaur captains
  6 great orbs of eyes
  Josephine (D:12)
  10 deep elf high priests
  6 death oozes
  7 fire dragons
  2 quicksilver dragon skeletons
  Fannar (D:10)
  9 spriggan air magi
  28 vault guards
  23 naga warriors
  11 ice dragons
  2 caustic shrike simulacra (Depths:5)
  6 hydras
  The ghost of coffeespoons the Grappler, a novice TrMo of Ru (D:10)
  11 centaur warriors
  3 rakshasas
  2 catoblepae
  10 death knights
  An alligator snapping turtle (Shoals:2)
  7 merfolk aquamancers
  14 tengu warriors
  4 merfolk avatars
  14 anacondas
  A satyr (Shoals:2)
  A spectral stone giant (Crypt:3)
  31 dancing weapons
  2 death yaks (Shoals:1)
  41 two-headed ogres
  9 deep troll earth magi
  2 spectral spriggans (Depths:5)
  12 ogre magi
  8 vampire magi
  27 hell hogs
  20 thrashing horrors
  14 spriggan berserkers
  2 spectral elves
  16 deep troll shamans
  Urug (Lair:5)
  An orc high priest (Orc:1)
  12 soul eaters
  9 naga sharpshooters
  A titan zombie (Geh:7)
  7 shock serpents
  29 sun demons
  26 deep elf knights
  10 wretched stars
  A titan skeleton (Geh:3)
  27 hell knights
  42 skeletal warriors
  4 iron golems
  5 sixfirhies
  A salamander mystic (Snake:3)
  6 storm dragon skeletons
  A fire crab (shapeshifter) (Vaults:2)
  2 quicksilver dragon simulacra (Depths:2)
  20 flayed ghosts
  16 shadow wraiths
  5 spatial maelstroms
  9 glowing orange brains
  A spark wasp zombie (Depths:1)
  A gelid demonspawn (Depths:1)
  5 iron trolls
  18 sea snakes
  An unseen horror (shapeshifter) (Vaults:2)
  A swamp dragon (Snake:3)
  49 deep trolls
  An anaconda zombie (Hell)
  8 naga ritualists
  6 wizards
  4 unseen horrors
  A spectral iron dragon (Depths:5)
  5 golden dragon zombies
  2 shadow demons (Abyss:4)
  59 starcursed masses
  2 spectral hydras (Crypt:3)
  An obsidian statue (Shoals:4)
  A tengu zombie (Vaults:3)
  3 orange crystal statues
  A lindwurm (Lair:2)
  33 phantasmal warriors
  21 ironbrand convokers
  An anaconda skeleton (Geh:7)
  3 golden dragon skeletons
  A harpy (shapeshifter) (Depths:3)
  8 deep elf archers
  6 mana vipers
  20 harpies
  3 shadow dragon zombies
  3 wolf spider zombies
  69 deep elf magi
  3 fire giant zombies
  3 frost giant zombies
  20 orc knights
  38 ugly things
  A mana viper (shapeshifter) (Vaults:5)
  10 cyclopes
  A faun (shapeshifter) (Vaults:5)
  3 iron dragon zombies
  3 shadow dragon skeletons
  6 stone giant zombies
  6 wolf spiders
  An orb spider (Abyss:2)
  7 orc sorcerers
  27 necromancers
  13 shining eyes
  11 manticores
  4 worldbinders
  5 fire giant skeletons
  5 salamanders
  A spectral ice dragon (Crypt:3)
  9 fauns
  35 black mambas
  A shock serpent zombie (Crypt:3)
  47 large abominations
  4 frost giant skeletons
  An iron dragon skeleton (Geh:7)
  An elephant (shapeshifter) (Depths:3)
  6 elephants
  A human skeleton (Vaults:3)
  4 stone giant skeletons
  5 ice statues
  18 rust devils
  10 merfolk sirens
  10 smoke demons
  A black mamba (shapeshifter) (Vaults:4)
  5 molten gargoyles
  14 vault sentinels
  Maurice (D:8)
  4 guardian serpents
  15 naga magi
  A guardian serpent (shapeshifter) (Vaults:5)
  2 gargoyles
  9 water nymphs
  6 eyes of devastation
  An eye of devastation (shapeshifter) (Vaults:1)
  2 apocalypse crabs
  3 orange demons
  A red draconian zombie (Crypt:3)
  9 spiny frogs
  An emperor scorpion zombie (Geh:5)
  15 hellions
  4 dire elephant skeletons
  A catoblepas zombie (Geh:5)
  55 yaktaurs
  3 rime drakes
  3 shock serpent skeletons
  A redback zombie (D:13)
  A demonic crawler (Abyss:3)
  5 spectral swamp worms (Depths:5)
  8 komodo dragons
  A rime drake (shapeshifter) (Depths:3)
  24 freezing wraiths
  10 tormentors
  12 efreet
  A kobold demonologist (D:13)
  11 ancient zymes
  A queen bee (D:11)
  5 hellwings
  15 ice devils
  8 trolls
  4 hydra zombies
  A minotaur skeleton (Crypt:2)
  A black draconian skeleton (Crypt:2)
  16 red devils
  8 tengu conjurers
  2 golden dragon simulacra (Depths:5)
  30 merfolk
  5 harpy zombies
  2 wind drakes (shapeshifter)
  A troll (shapeshifter) (Depths:2)
  A wolf spider simulacrum (Crypt:2)
  2 tengu simulacra (Depths:5)
  6 wind drakes
  13 blink frogs
  2 death drake zombies
  13 hornets
  5 dream sheep
  A hydra skeleton (Geh:6)
  3 harpy skeletons
  3 ettin zombies
  A stone giant simulacrum (Crypt:2)
  38 raiju
  2 fire dragon zombies
  177 slime creatures
  A hippogriff (shapeshifter) (Vaults:5)
  5 ice dragon zombies
  7 snapping turtles
  2 frost giant simulacra
  An iron dragon simulacrum (Crypt:3)
  A black mamba zombie (Crypt:2)
  3 ettin skeletons
  A fire giant simulacrum (Vaults:2)
  14 hippogriffs
  A redback (shapeshifter) (Vaults:3)
  A spriggan (shapeshifter) (Vaults:4)
  An ice dragon skeleton (Hell)
  5 air elementals
  43 flying skulls
  21 shadows
  35 wraiths
  32 water elementals
  3 wyverns
  3 elf simulacra
  14 ynoxinuls
  2 spriggans
  5 alligator skeletons
  A redback (Vaults:5)
  31 yaks
  6 chaos spawn
  A yak (shapeshifter) (Abyss:4)
  23 fire elementals
  A hog (shapeshifter) (Depths:4)
  6 hungry ghosts
  A yaktaur simulacrum (Depths:1)
  6 fire bats
  15 golden eyes
  18 humans (D:13)
  A basilisk (D:15)
  13 neqoxecs
  11 wargs
  A spectral spiny frog (Crypt:3)
  8 spatial vortices
  A water nymph zombie (Crypt:2)
  An acid dragon (Vaults:2)
  An insubstantial wisp (Elf:2)
  65 nagas
  18 water moccasins
  4 swamp worms (Snake:3)
  A human zombie (Vaults:3)
  A hydra simulacrum (Hell)
  An acid dragon (shapeshifter) (Vaults:5)
  A floating eye (Depths:3)
  2 soldier ants
  24 hell hounds
  10 porcupines
  4 spiny frog zombies
  2 swamp drakes (Snake:3)
  Purgy (Sewer)
  An ice beast (shapeshifter) (Depths:2)
  3 sky beasts
  A hornet zombie (D:10)
  60 orc warriors
  An alligator simulacrum (Crypt:2)
  9 eyes of draining
  3 ice beasts
  24 small abominations
  A fire dragon simulacrum (Hell)
  2 manticore zombies
  2 snapping turtle zombies
  2 spiny frog skeletons (Hell)
  A lindwurm zombie (Crypt:2)
  A swamp dragon zombie (Geh:5)
  4 ettin simulacra
  38 ogres
  A black bear (D:10)
  8 necrophages
  7 phantoms
  A lindwurm skeleton (Crypt:3)
  6 wolves (Lair:3)
  A blink frog zombie (Crypt:2)
  5 boggarts
  29 centaurs
  16 crocodiles
  3 swamp dragon skeletons
  A rime drake zombie (Crypt:3)
  A snapping turtle skeleton (Crypt:1)
  An elephant skeleton (Crypt:1)
  A draconian zombie (Crypt:2)
  2 big kobolds
  6 earth elementals
  A komodo dragon skeleton (Crypt:3)
  2 wyvern zombies
  13 bullfrogs
  A spiny frog simulacrum (Hell)
  2 wyvern skeletons
  2 water moccasin skeletons
  4 scorpions
  36 killer bees
  4 spriggan zombies
  42 wights
  2 howler monkeys (D:13)
  A vampire bat (Elf:2)
  An electric eel (Snake:2)
  13 crimson imps
  2 human simulacra
  7 centaur zombies
  2 draconian simulacra (IceCv)
  5 bullfrog zombies
  3 quasits (Abyss:2)
  4 jellies
  19 orc priests
  5 hounds
  Ijyb (D:5)
  A gnoll shaman (Orc:2)
  4 iron imps
  A bullfrog skeleton (D:12)
  5 centaur skeletons
  8 iguanas
  19 orc wizards
  16 hell rats
  2 troll simulacra (IceCv)
  2 spriggan simulacra (IceCv)
  6 worker ants
  An ogre zombie (Geh:3)
  A centaur simulacrum (IceCv)
  A hound zombie (Crypt:3)
  2 hound skeletons
  A howler monkey zombie (Crypt:2)
  Robin (D:3)
  4 worker ant zombies
  14 adders
  7 gnolls
  A howler monkey skeleton (D:4)
  A naga simulacrum (IceCv)
  3 ogre simulacra
  A swamp drake skeleton (Crypt:2)
  7 shadow imps
  5 white imps
  6 ufetubi
  5 oozes
  4 adder zombies
  4 adder skeletons
  A lava snake skeleton (Crypt:1)
  4 worms
  2 leopard geckos (D:5)
  87 orcs
  6 bats
  A bat skeleton (Crypt:3)
  6 giant cockroaches
  18 goblins
  10 hobgoblins
  12 jackals
  18 kobolds
  9 quokkas
  A ball python (Sewer)
  A ball python skeleton (Crypt:1)
  13 frilled lizards
  A frilled lizard skeleton (Crypt:2)
  A kobold skeleton (Geh:6)
  2 kobold zombies
  2 leopard gecko skeletons
  A quokka skeleton (D:9)
  21 rats
  A rat zombie (Crypt:1)
  A spectral kobold (Crypt:3)
  A bush (Lair:6)
  6 fungi
  A lurking horror (Abyss:4)
  20 pillars of salt
  15 plants
  34 starspawn tentacles
  14 tentacles
3688 creatures vanquished.

Vanquished Creatures (collateral kills)
  A tentacled starspawn (Abyss:5)
  An ancient zyme (Abyss:5)
  A spatial vortex (Abyss:5)
  A pillar of salt (Abyss:5)
  2 starspawn tentacles (Abyss:5)
6 creatures vanquished.

Vanquished Creatures (others)
  An ancient lich (Vaults:5)
  2 deep elf master archers (Elf:3)
  A tentacled starspawn (Abyss:3)
  A fire giant (Geh:7)
  A shadow dragon (Vaults:5)
  A vault warden (Vaults:4)
  A frost giant (Vaults:5)
  A stone giant (Vaults:3)
  A deep elf annihilator (Elf:3)
  4 yaktaur captains
  2 vault guards (Vaults:5)
  2 ice dragons
  A merfolk aquamancer (Shoals:4)
  A deep troll earth mage (Depths:4)
  A shadow wraith (Vaults:2)
  A faun (shapeshifter) (Vaults:5)
  2 deep elf magi
  A cyclops (Vaults:2)
  A stone giant zombie (Geh:7)
  10 yaktaurs
  A shadow (Geh:1)
  A wraith (Geh:5)
  A chaos spawn (Abyss:5)
  A hog (Elf:2)
  A boggart (Vaults:1)
  A crocodile (Lair:6)
  A centaur (Depths:3)
  3 bushes (Lair:6)
  78 fungi
  A lurking horror (Abyss:3)
  57 pillars of salt
  64 plants
  34 starspawn tentacles
  19 tentacles
  25 withered plants (Gauntlet)
324 creatures vanquished.

Grand Total: 4018 creatures vanquished

Notes
Turn   | Place    | Note
-------+----------+-------------------------------------------
     0 | D:1      | sankara the Hill Orc Fighter began the quest for the Orb.
     0 | D:1      | Reached XP level 1. HP: 19/19 MP: 1/1
    49 | D:1      | Reached XP level 2. HP: 22/26 MP: 2/2
   274 | D:1      | Reached XP level 3. HP: 31/31 MP: 3/3
   802 | D:2      | Reached XP level 4. HP: 25/39 MP: 4/4
  1363 | D:2      | Reached skill level 5 in Axes
  1754 | D:3      | Noticed Robin
  1775 | D:3      | Reached XP level 5. HP: 37/45 MP: 5/5
  1780 | D:3      | Killed Robin
  2846 | D:4      | Noticed a centaur
  2851 | D:4      | Killed a centaur
  2851 | D:4      | Reached XP level 6. HP: 48/51 MP: 6/6
  3052 | D:4      | Found Xoitwemi's Magic Scroll Emporium.
  3058 | D:4      | Bought a scroll of magic mapping for 49 gold pieces
  3058 | D:4      | Bought a scroll of remove curse for 42 gold pieces
  3058 | D:4      | Bought a scroll of identify for 28 gold pieces
  3066 | D:4      | Found Jewky's Antique Armour Emporium.
  3248 | D:4      | Found Axtuxic's Book Shop.
  3294 | D:4      | Found Jeth's Assorted Antiques.
  4008 | D:4      | Reached skill level 5 in Shields
  4063 | D:5      | Entered Level 5 of the Dungeon
  4092 | D:5      | Reached skill level 5 in Armour
  4092 | D:5      | Reached XP level 7. HP: 51/57 MP: 5/7
  4223 | D:5      | Found a glowing drain.
  4256 | Sewer    | Entered a sewer
  4363 | Sewer    | Noticed Purgy
  4373 | Sewer    | Killed Purgy
  4524 | D:5      | Noticed Ijyb
  4538 | D:5      | Killed Ijyb
  4941 | D:5      | Noticed a yak
  4975 | D:5      | Killed a yak
  4975 | D:5      | Reached XP level 8. HP: 44/64 MP: 5/8
  6010 | D:6      | Found an ornate altar of the Wu Jian Council.
  6132 | D:6      | Reached skill level 10 in Axes
  6509 | D:6      | Reached XP level 9. HP: 70/70 MP: 9/9
  6815 | D:7      | Found an opulent altar of Gozag.
  6815 | D:7      | Found a shimmering altar of Xom.
  6819 | D:7      | Found a glowing golden altar of the Shining One.
  6819 | D:7      | Found a glowing silver altar of Zin.
  6845 | D:7      | Became a worshipper of Zin the Law-Giver
  6845 | D:7      | Reached * piety under Zin
  6973 | D:7      | Reached skill level 1 in Invocations
  6980 | D:7      | Found a staircase to the Ecumenical Temple.
  6989 | Temple   | Entered the Ecumenical Temple
  7460 | D:7      | Found a sacrificial altar of Ru.
  7742 | D:8      | Found a blossoming altar of Fedhas.
  7817 | D:8      | Found Tifufoly's Assorted Antiques.
  7869 | D:8      | Found a basalt altar of Yredelemnul.
  7881 | D:8      | Found Veruah's Weapon Emporium.
  7894 | D:8      | Reached skill level 1 in Dodging
  8026 | D:8      | Noticed a red ugly thing
  8026 | D:8      | Noticed Maurice
  8213 | D:8      | Killed Maurice
  8213 | D:8      | Reached skill level 2 in Invocations
  8568 | D:4      | Bought a pair of faintly glowing boots for 218 gold pieces
  8568 | D:4      | Identified the cursed +0 pair of boots of Qaoripysimn {rN+
                  | Str+3} (You bought it in a shop on level 4 of the Dungeon)
  8675 | D:8      | Noticed a hornet
  8689 | D:8      | Paralysed by a hornet for 3 turns
  8695 | D:8      | Killed a hornet
  8695 | D:8      | Reached skill level 3 in Invocations
  8876 | D:8      | Found Iduaweex's Armour Emporium.
  8999 | D:8      | Found Keitol's Assorted Antiques.
  9099 | D:8      | Reached skill level 5 in Fighting
  9139 | D:8      | Reached XP level 10. HP: 26/81 MP: 7/12
  9440 | D:8      | Found a staircase to the Lair.
  9460 | D:8      | Reached skill level 4 in Invocations
  9575 | Lair:1   | Entered Level 1 of the Lair of Beasts
  9702 | Lair:1   | Reached ** piety under Zin
  9799 | Lair:1   | Noticed a spiny frog
  9808 | Lair:1   | Killed a spiny frog
 10259 | Lair:1   | Noticed a spiny frog
 10283 | Lair:1   | Killed a spiny frog
 10283 | Lair:1   | Reached skill level 5 in Invocations
 10608 | Lair:1   | Noticed a black mamba
 10627 | Lair:1   | Killed a black mamba
 11492 | Lair:2   | Reached skill level 6 in Invocations
 11855 | Lair:2   | Reached XP level 11. HP: 83/91 MP: 12/15
 12239 | Lair:3   | Found a staircase to the Snake Pit.
 12530 | Lair:3   | Reached skill level 7 in Invocations
 12900 | Lair:3   | Noticed a lindwurm
 13202 | Lair:3   | Noticed Gastronok
 13225 | Lair:2   | Killed a lindwurm
 13330 | Lair:3   | Killed Gastronok
 13330 | Lair:3   | Reached skill level 15 in Axes
 13692 | Lair:3   | Reached skill level 8 in Invocations
 14089 | Lair:4   | Reached skill level 10 in Shields
 14089 | Lair:4   | Reached XP level 12. HP: 82/103 MP: 13/18
 14653 | Lair:4   | Reached *** piety under Zin
 14844 | D:4      | Bought a scroll of brand weapon for 280 gold pieces
 15427 | Lair:4   | Found a staircase to the Shoals.
 16106 | Lair:5   | Reached skill level 9 in Invocations
 16333 | Lair:5   | Noticed Urug
 16358 | Lair:5   | Killed Urug
 17002 | Lair:6   | Entered Level 6 of the Lair of Beasts
 17185 | Lair:6   | Found a staircase to the Slime Pits.
 17212 | Lair:6   | Reached skill level 10 in Invocations
 17387 | Lair:6   | Learned a level 1 spell: Apportation
 17488 | Lair:6   | Reached XP level 13. HP: 103/112 MP: 18/20
 17577 | Lair:6   | Reached skill level 10 in Fighting
 17969 | Lair:6   | Reached skill level 10 in Armour
 18615 | Lair:6   | Reached skill level 11 in Invocations
 18814 | Lair:6   | Noticed a dire elephant
 18824 | Lair:6   | Killed a dire elephant
 18983 | Lair:6   | Noticed a dire elephant
 18983 | Lair:6   | Noticed a dire elephant
 18993 | Lair:6   | Killed a dire elephant
 19002 | Lair:6   | Killed a dire elephant
 19274 | Lair:6   | Noticed a dire elephant
 19287 | Lair:6   | Killed a dire elephant
 19464 | D:8      | Bought a sedimented black potion for 22 gold pieces
 19526 | D:8      | Bought a scroll labeled LISYTR DABBOYM for 25 gold pieces
 19715 | D:8      | Found Zeengimu's Gadget Shoppe.
 19728 | D:8      | Found a hide-covered altar of Uskayaw.
 20017 | D:9      | Reached **** piety under Zin
 20046 | D:9      | Found a bloodstained altar of Trog.
 20381 | D:9      | Reached skill level 12 in Invocations
 20457 | D:9      | Reached ***** piety under Zin
 21058 | D:10     | Entered Level 10 of the Dungeon
 21094 | D:10     | Found Foytepp's Distillery.
 21168 | D:10     | Noticed Fannar
 21198 | D:10     | Killed Fannar
 21481 | D:10     | Reached XP level 14. HP: 106/125 MP: 19/23
 21592 | D:10     | Found a runed translucent door.
 21592 | D:10     | Noticed coffeespoons's ghost (novice TrMo)
 21607 | D:10     | Killed coffeespoons's ghost
 21845 | D:11     | Found a staircase to the Orcish Mines.
 21845 | D:11     | Found Acvuh's Armour Shoppe.
 21847 | D:11     | Found Kivesch's Weapon Shoppe.
 22027 | D:11     | Reached skill level 13 in Invocations
 22251 | D:11     | Found a frozen archway.
 22413 | IceCv    | Entered an ice cave
 23078 | IceCv    | Got a jewelled scale mail
 23475 | D:11     | Got a pair of faintly humming gloves
 23481 | D:11     | Identified the cursed +0 pair of gloves "Usahaic" {Regen+
                  | rCorr MP+9 Slay-3} (You found it on level 11 of the
                  | Dungeon)
 23602 | D:11     | Reached ****** piety under Zin
 23921 | Orc:1    | Entered Level 1 of the Orcish Mines
 24486 | Orc:1    | Found a roughly hewn altar of Beogh.
 24689 | Orc:1    | Paralysed by an orc sorcerer for 7 turns
 24979 | Orc:2    | Entered Level 2 of the Orcish Mines
 25001 | Orc:2    | Found a roughly hewn altar of Beogh.
 25089 | Orc:2    | Reached skill level 14 in Invocations
 25315 | Orc:2    | HP: 5/127 [orc knight/+0 halberd (28)]
 25544 | Orc:2    | Found a staircase to the Elven Halls.
 25617 | Orc:2    | Found Racik's Jewellery Emporium.
 25673 | Orc:2    | Found Keteiren's General Store.
 25832 | Orc:2    | Found Kineq's General Store.
 25842 | Orc:2    | Found Jelaoz's Book Boutique.
 26003 | Orc:2    | Found a roughly hewn altar of Beogh.
 26283 | D:8      | Bought a runed helmet for 187 gold pieces
 26372 | D:11     | Bought the +1 pair of gloves "Zason" {MR+ Dex+6} for 555
                  | gold pieces
 26702 | D:12     | Noticed Josephine
 26716 | D:12     | Killed Josephine
 27160 | D:13     | Reached XP level 15. HP: 136/136 MP: 25/25
 27448 | D:13     | Learned a level 1 spell: Summon Butterflies
 27557 | D:13     | Noticed Rupert
 27561 | D:13     | Paralysed by Rupert for 4 turns
 27576 | D:13     | Killed Rupert
 27576 | D:13     | Reached skill level 15 in Invocations
 28007 | D:13     | Found a gate to the Vaults.
 28049 | D:13     | Learned a level 2 spell: Blink
 28316 | D:14     | Found a gate leading to a gauntlet.
 28356 | Gauntlet | Entered a Gauntlet
 28356 | Gauntlet | Found a transporter.
 28366 | Gauntlet | Found a transporter.
 28366 | Gauntlet | Found a transporter.
 28368 | Gauntlet | Found a transporter.
 28383 | Gauntlet | Found a transporter.
 28398 | Gauntlet | Found a transporter.
 28403 | Gauntlet | Found a transporter.
 28418 | Gauntlet | Found a transporter.
 28437 | Gauntlet | Found a transporter.
 28467 | Gauntlet | Found a transporter.
 28494 | Gauntlet | Found a large runed translucent door.
 28495 | Gauntlet | Found a large runed translucent door.
 28496 | Gauntlet | Found a large runed translucent door.
 28496 | Gauntlet | Found a large runed translucent door.
 28497 | Gauntlet | Found a runed translucent gate.
 28498 | Gauntlet | Found a transporter.
 28498 | Gauntlet | Found a runed translucent gate.
 28499 | Gauntlet | Found a runed translucent gate.
 28500 | Gauntlet | Found a large runed translucent door.
 28500 | Gauntlet | Found a large runed translucent door.
 28501 | Gauntlet | Found a large runed translucent door.
 28502 | Gauntlet | Found a large runed translucent door.
 28510 | Gauntlet | Found a transporter.
 28522 | Gauntlet | Found a transporter.
 28537 | Gauntlet | Found a transporter.
 28539 | Gauntlet | Found a transporter.
 28586 | Gauntlet | Found a transporter.
 28617 | Gauntlet | Found a transporter.
 28619 | Gauntlet | Found a transporter.
 28621 | Gauntlet | Found a large runed translucent door.
 28621 | Gauntlet | Found a large runed translucent door.
 28622 | Gauntlet | Found a large runed translucent door.
 28622 | Gauntlet | Found a large runed translucent door.
 28701 | Gauntlet | Found a large runed translucent door.
 28701 | Gauntlet | Found a large runed translucent door.
 28701 | Gauntlet | Found a runed translucent door.
 28701 | Gauntlet | Found a runed translucent door.
 28713 | Gauntlet | Found a large runed translucent door.
 28713 | Gauntlet | Found a large runed translucent door.
 28968 | Gauntlet | Reached skill level 5 in Dodging
 28979 | Gauntlet | Got a pitted scale mail
 29026 | Gauntlet | Got a flickering jade ring
 29030 | Gauntlet | Got a slimy lead ring
 29036 | Gauntlet | Identified the ring of Foik {rN+ Str+4} (You found it in a
                  | Gauntlet)
 29041 | Gauntlet | Identified the ring "Dietani" {rElec AC+2 Dex+2}
 29122 | Gauntlet | Identified the ring "Xesop" {rC+ Str+4} (You found it in a
                  | Gauntlet)
 29756 | D:14     | Reached skill level 15 in Shields
 30817 | D:14     | Got a warped scale mail
 30907 | D:15     | Entered Level 15 of the Dungeon
 31271 | D:15     | Reached skill level 16 in Invocations
 31324 | D:15     | Reached XP level 16. HP: 142/147 MP: 28/28
 31498 | D:15     | Found a staircase to the Depths.
 32058 | Snake:1  | Entered Level 1 of the Snake Pit
 32066 | Snake:1  | Reached skill level 15 in Fighting
 32094 | Snake:1  | Got a heavily runed ring mail
 32252 | Snake:1  | Reached skill level 1 in Translocations
 32486 | Snake:1  | Learned a level 2 spell: Shroud of Golubria
 32489 | Snake:1  | Learned a level 2 spell: Song of Slaying
 32545 | Snake:1  | Reached skill level 1 in Charms
 33382 | Snake:2  | Found Cilechah's Antique Armour Shop.
 33411 | Snake:2  | Bought a jewelled helmet for 218 gold pieces
 33421 | Snake:2  | Identified the -7 helmet of Cloud Cover {rC+ Dex+4} (You
                  | bought it in a shop on level 2 of the Snake Pit)
 34190 | Snake:2  | Reached skill level 17 in Invocations
 34416 | Snake:2  | Got a pitted rapier
 34842 | Snake:3  | Reached XP level 17. HP: 153/156 MP: 29/29
 34920 | Snake:3  | Found Ucamn's Gadget Emporium.
 34921 | Snake:3  | Found Eper's Jewellery Shop.
 34922 | Snake:3  | Found Rupaall's Gadget Emporium.
 35773 | Snake:3  | Reached skill level 5 in Charms
 36304 | D:4      | Bought a scroll of identify for 28 gold pieces
 36400 | D:8      | Paralysed by fainting for 8 turns
 36475 | D:10     | Bought a potion of heal wounds for 75 gold pieces
 36678 | Shoals:1 | Entered Level 1 of the Shoals
 36793 | Shoals:1 | Reached skill level 5 in Translocations
 37512 | Shoals:1 | Noticed a kraken
 37523 | Shoals:1 | Killed a kraken
 38380 | Shoals:2 | Reached skill level 18 in Invocations
 38397 | Shoals:2 | Learned a level 1 spell: Infusion
 38843 | Shoals:2 | Noticed Polyphemus
 39206 | Shoals:1 | Killed Polyphemus
 39746 | Shoals:2 | Noticed Jorgrun
 39942 | Shoals:2 | Killed Jorgrun
 40424 | Shoals:2 | Noticed Donald
 40450 | Shoals:2 | Killed Donald
 40767 | Shoals:3 | Reached XP level 18. HP: 153/166 MP: 31/31
 41530 | Shoals:3 | Found a runed translucent gate.
 41531 | Shoals:3 | Found a runed translucent gate.
 41531 | Shoals:3 | Noticed coffeespoons's ghost (adept DDFi)
 41544 | Shoals:3 | Found a runed translucent gate.
 41607 | Shoals:3 | Killed coffeespoons's ghost
 41622 | Shoals:3 | Got a transparent lead ring
 41634 | Shoals:3 | Identified the ring "Birhed" {rF+ rC- rN+++ MR- Str+5} (You
                  | found it on level 3 of the Shoals)
 42195 | Orc:2    | Bought the +3 pearl dragon scales "Intuxuy" {rN+ Str+2} for
                  | 1647 gold pieces
 42473 | Elf:1    | Entered Level 1 of the Elven Halls
 43081 | Elf:1    | Reached skill level 19 in Invocations
 43204 | Elf:1    | Noticed Azrael
 43216 | Elf:1    | Killed Azrael
 44325 | Elf:2    | Found a runed translucent gate.
 44325 | Elf:2    | Found a runed translucent gate.
 44331 | Elf:2    | Found a runed translucent gate.
 44377 | Elf:2    | Found a shimmering blue altar of Sif Muna.
 44601 | Elf:2    | Identified the Almanac of Transformation
 44765 | Elf:2    | Noticed Asterion
 44771 | Elf:2    | Reached XP level 19. HP: 172/172 MP: 32/32
 44786 | Elf:2    | Killed Asterion
 45948 | Snake:4  | Entered Level 4 of the Snake Pit
 45968 | Snake:4  | Found Emam's Jewellery Emporium.
 46062 | Snake:4  | Reached skill level 20 in Invocations
 46447 | Snake:4  | Reached skill level 15 in Armour
 47753 | Snake:4  | Noticed Saint Roka
 48544 | Snake:4  | Killed Saint Roka
 48813 | Snake:4  | Got a serpentine rune of Zot
 49185 | Vaults:1 | Entered Level 1 of the Vaults
 49260 | Vaults:1 | Reached skill level 21 in Invocations
 49264 | Vaults:1 | Reached skill level 10 in Dodging
 49278 | Vaults:1 | Identified Gug Kic's Collected Works on Contamination
 49496 | Vaults:1 | Reached XP level 20. HP: 159/182 MP: 32/34
 51010 | Vaults:2 | Found a flickering gateway to a bazaar.
 51030 | Bazaar   | Entered a bazaar
 51030 | Bazaar   | Found Nilikih's Antique Weapon Boutique.
 51030 | Bazaar   | Found Usoass's General Store.
 51030 | Bazaar   | Found Naitzif's Armour Emporium.
 51031 | Bazaar   | Found Faicadwi's Antique Weapon Shoppe.
 51031 | Bazaar   | Found Kimadgh's Distillery.
 51065 | Bazaar   | Bought a scroll of blinking for 60 gold pieces
 51071 | Bazaar   | Bought 2 potions of heal wounds for 150 gold pieces
 51673 | Vaults:2 | Learned a level 2 spell: Swiftness
 51678 | Vaults:2 | Learned a level 4 spell: Passage of Golubria
 51853 | Vaults:2 | Reached skill level 22 in Invocations
 52189 | Vaults:2 | Got a transparent copper ring
 52194 | Vaults:2 | Identified the ring of Xouneo {rElec rF+ Stlth+} (You found
                  | it on level 2 of the Vaults)
 53082 | Vaults:3 | Reached XP level 21. HP: 179/193 MP: 36/36
 53616 | Vaults:3 | Noticed Jory
 53639 | Vaults:3 | Killed Jory
 53768 | Vaults:3 | Noticed Mennas
 53827 | Vaults:3 | Killed Mennas
 54187 | Vaults:3 | Found a staircase to the Crypt.
 55537 | Vaults:4 | Reached skill level 23 in Invocations
 55864 | Vaults:4 | Reached XP level 22. HP: 204/204 MP: 37/37
 55976 | Vaults:4 | Identified a scroll of acquirement
 56672 | Lair:1   | Upgraded the game from 0.24.0-37-gcf1ca852f1 to
                  | 0.24.0-41-g2ae2f7f1be
 56842 | Elf:3    | Entered Level 3 of the Elven Halls
 57538 | Elf:3    | Identified the +1 robe of Valour {rPois Int+4 Dex+2}
 58477 | Elf:3    | Identified the ring "Uduneof" {*Tele rF++ Dex-5}
 59121 | Elf:3    | Identified the amulet "Fehu" {Harm *Drain Str+4 Stlth+}
                  | (You found it on level 3 of the Elven Halls)
 59744 | Shoals:4 | Entered Level 4 of the Shoals
 59744 | Shoals:4 | Found a runed translucent gate.
 59744 | Shoals:4 | Found a runed translucent gate.
 59744 | Shoals:4 | Found an opulent altar of Gozag.
 59744 | Shoals:4 | Found a runed translucent gate.
 59744 | Shoals:4 | Found Usitzead's Assorted Antiques.
 59746 | Shoals:4 | Noticed CrPA's ghost (adept MiFi)
 60064 | Shoals:4 | Reached skill level 24 in Invocations
 60291 | Shoals:4 | Cast into level 2 of the Abyss (merfolk javelineer)
 60616 | Abyss:2  | Reached XP level 23. HP: 204/215 MP: 39/39
 60624 | Shoals:4 | Escaped the Abyss
 60661 | Shoals:4 | Cast into level 3 of the Abyss (merfolk javelineer)
 60765 | Abyss:3  | Found a corrupted altar of Lugonu.
 61058 | Abyss:3  | Found a bloodstained altar of Trog.
 61240 | Shoals:4 | Escaped the Abyss
 61918 | Shoals:4 | Got a barnacled rune of Zot
 61996 | Shoals:4 | Killed CrPA's ghost
 62076 | Shoals:4 | Bought a scroll labeled PUHIFRU XYING for 24 gold pieces
 62577 | Vaults:5 | Entered Level 5 of the Vaults
 62578 | Vaults:5 | Noticed an ancient lich
 62581 | Vaults:5 | Noticed an ancient lich
 62583 | Vaults:5 | Reached skill level 25 in Invocations
 62591 | Vaults:5 | Killed an ancient lich
 62594 | Vaults:5 | Killed an ancient lich
 62620 | Vaults:5 | Noticed a golden dragon
 62640 | Vaults:4 | Killed a golden dragon
 63023 | Vaults:5 | Got a blackened halberd
 63087 | Vaults:5 | Found the +9 scales of the Dragon King {rPois rF+ rC+ MR+}
 63124 | Vaults:5 | Found the +2 ratskin cloak {+Rats rPois rN+ Str-1 Int-1
                  | Dex+1}
 63208 | Vaults:5 | Reached XP level 24. HP: 173/224 MP: 37/39
 63226 | Vaults:5 | Reached skill level 26 in Invocations
 63530 | Vaults:5 | Identified the ring "Qerruun" {+Blink rF- rC+ Int-2 Dex+7}
 63703 | Vaults:5 | Found Zagoduc's Gadget Shoppe.
 64002 | Vaults:5 | Got a silver rune of Zot
 64275 | Vaults:5 | Reached skill level 27 in Invocations
 66366 | D:4      | Bought a manual of Conjurations for 1104 gold pieces
 66372 | D:4      | Learned a level 5 spell: Fireball
 66376 | D:4      | Learned a level 3 spell: Conjure Flame
 66692 | Depths:1 | Entered Level 1 of the Depths
 66729 | Depths:1 | Reached skill level 1 in Conjurations
 67076 | Snake:3  | Bought the amulet of Pantheism {rPois Regen+ Str+7 Int-5
                  | Slay+5} for 863 gold pieces
 67268 | D:8      | Bought the +3 cloak "Qomo" {rF+ Dex+4} for 628 gold pieces
 67643 | Depths:1 | Found a gateway to Hell.
 67645 | Depths:1 | Reached skill level 1 in Fire Magic
 67908 | Depths:1 | Noticed Louise
 67916 | Depths:1 | Killed Louise
 67917 | Depths:1 | Found a one-way gate to the infinite horrors of the Abyss.
 67938 | Depths:1 | Reached skill level 5 in Conjurations
 67998 | Depths:1 | Reached XP level 25. HP: 202/233 MP: 40/40
 68098 | Depths:1 | Reached skill level 5 in Fire Magic
 68130 | Depths:1 | Found a one-way gate leading to the halls of Pandemonium.
 68708 | Depths:2 | Identified the +11 long sword of the Horn {speed, Str-4
                  | Dex+7}
 68709 | Depths:2 | Found a shattered altar of Ashenzari.
 69108 | Depths:2 | Reached skill level 10 in Conjurations
 69507 | Depths:2 | Identified the +1 ring mail "Biomnez" {rN+ Regen+ Slay+3}
 69546 | Depths:2 | Identified the cursed +1 ring mail of Inquiry {Stlth+}
 69760 | Depths:2 | Reached skill level 10 in Fire Magic
 69857 | Depths:2 | Found a blossoming altar of Fedhas.
 70138 | Depths:2 | Found an iron altar of Okawaru.
 70147 | Depths:2 | Found a gateway to a ziggurat.
 70227 | Depths:2 | Found a basalt altar of Yredelemnul.
 70773 | Depths:3 | Reached XP level 26. HP: 240/240 MP: 39/40
 71685 | Depths:4 | Found Boets's Gadget Shop.
 71705 | Depths:4 | Found a corrupted altar of Lugonu.
 71855 | Depths:4 | Reached skill level 15 in Conjurations
 72937 | Depths:5 | Entered Level 5 of the Depths
 73255 | Depths:5 | Reached skill level 15 in Fire Magic
 73528 | Depths:5 | Found a runed translucent gate.
 73529 | Depths:5 | Found a runed translucent gate.
 73529 | Depths:5 | Found a runed translucent gate.
 73531 | Depths:5 | Noticed an ancient lich
 73531 | Depths:5 | Noticed Loemalae's ghost (adept FoFi)
 73532 | Depths:5 | Noticed an ancient lich
 73546 | Depths:5 | Killed an ancient lich
 73546 | Depths:5 | Reached XP level 27. HP: 236/248 MP: 30/40
 73558 | Depths:5 | Killed Loemalae's ghost
 73563 | Depths:5 | Killed an ancient lich
 73583 | Depths:5 | Identified the Collected Works on Creation
 73591 | Depths:5 | Got a slimy marble ring
 73592 | Depths:5 | Identified the ring "Pehuh" {rElec rF+ Dex+4 Stlth+} (You
                  | found it on level 5 of the Depths)
 74163 | Depths:5 | Found a gate to the Realm of Zot.
 74560 | Lair:1   | Found the +3 pair of gauntlets of War {Slay+5}
 74872 | Hell     | Entered the Vestibule of Hell
 74872 | Hell     | Noticed Geryon
 75209 | Hell     | Killed Geryon
 75421 | Hell     | Found a gateway to the freezing wastes of Cocytus.
 75582 | Hell     | Found a gateway to the ashen valley of Gehenna.
 75653 | Hell     | Found a gateway to the decaying netherworld of Tartarus.
 75848 | Hell     | Found a gateway to the Iron City of Dis.
 76702 | Slime:1  | Entered Level 1 of the Pits of Slime
 76801 | Slime:1  | Upgraded the game from 0.24.0-41-g2ae2f7f1be to
                  | 0.24.0-123-gd5b16e6ec5
 77813 | Slime:3  | Noticed Dissolution
 77819 | Slime:3  | Killed Dissolution
 78997 | Slime:5  | Entered Level 5 of the Pits of Slime
 79034 | Slime:5  | Noticed the Royal Jelly
 79075 | Slime:5  | Found a viscous altar of Jiyva.
 79606 | Slime:5  | Killed the Royal Jelly
 79655 | Slime:5  | Identified Asteicvu's Catalogue of Ashen Venom
 79665 | Slime:5  | Got a twisted spear
 79700 | Slime:5  | Got a transparent demon trident
 79722 | Slime:5  | Got a slimy rune of Zot
 79728 | Slime:5  | Got a slimy lead ring
 79793 | Slime:5  | Identified the +10 demon trident "Ixepem" {drain, +Blink
                  | rElec Dex+4 Stlth+} (You found it on level 5 of the Pits of
                  | Slime)
 79795 | Slime:5  | Identified the ring "Dahas" {rPois MR+ Str+2} (You found it
                  | on level 5 of the Pits of Slime)
 80427 | Orc:2    | Bought a scroll of brand weapon for 320 gold pieces
 80428 | Orc:2    | Bought a scroll of summoning for 152 gold pieces
 80428 | Orc:2    | Bought a manual of Shields for 1766 gold pieces
 80428 | Orc:2    | Bought a scroll of fog for 32 gold pieces
 80428 | Orc:2    | Bought a scroll of teleportation for 48 gold pieces
 80860 | Depths:1 | Voluntarily entered the Abyss.
 80860 | Abyss:1  | Found a corrupted altar of Lugonu.
 80936 | Abyss:1  | Paralysed by accursed screaming for 2 turns
 81084 | Depths:1 | Escaped the Abyss
 81192 | Depths:1 | Voluntarily entered the Abyss.
 82345 | Abyss:4  | Found a corrupted altar of Lugonu.
 82354 | Abyss:4  | Found a corrupted altar of Lugonu.
 82354 | Abyss:4  | Found a transporter.
 82356 | Abyss:4  | Found a corrupted altar of Lugonu.
 82425 | Abyss:4  | Found a corrupted altar of Lugonu.
 82560 | Abyss:4  | Found a corrupted altar of Lugonu.
 82562 | Abyss:4  | Found a corrupted altar of Lugonu.
 82576 | Abyss:4  | Found a corrupted altar of Lugonu.
 82650 | Abyss:5  | Entered Level 5 of the Abyss
 82691 | Abyss:5  | Identified Okydet's Primer on Theurgy
 83331 | Abyss:5  | Paralysed by accursed screaming for 1 turns
 83335 | Abyss:5  | Got an abyssal rune of Zot
 83355 | Abyss:5  | Was placed under penance by Zin
 83369 | Depths:1 | Escaped the Abyss
 83650 | D:7      | Fell from the grace of Zin
 83650 | D:7      | Became a worshipper of the Shining One
 83650 | D:7      | Reached * piety under the Shining One
 83650 | D:7      | Reached ** piety under the Shining One
 83650 | D:7      | Reached *** piety under the Shining One
 83988 | Crypt:1  | Entered Level 1 of the Crypt
 84084 | Crypt:1  | Reached **** piety under the Shining One
 84177 | Crypt:1  | Reached ***** piety under the Shining One
 84351 | Crypt:1  | Noticed Mara
 84360 | Crypt:1  | Killed Mara
 84568 | Crypt:1  | Reached ****** piety under the Shining One
 84570 | Crypt:1  | Identified a +9 broad axe of holy wrath (a +9 broad axe of
                  | freezing blessed by the Shining One)
 84570 | Crypt:1  | Received a gift from the Shining One
 85396 | Crypt:3  | Entered Level 3 of the Crypt
 85730 | Crypt:3  | Found a basalt altar of Yredelemnul.
 85793 | Crypt:3  | Got a pitted jade ring
 85822 | Crypt:3  | Identified the Catalogue of Dusty Intoxication
 85877 | Crypt:3  | Identified the ring "Zeat" {rF+ Dex+8} (You found it on
                  | level 3 of the Crypt)
 85933 | Crypt:3  | Found a staircase to the Tomb.
 87047 | Geh:1    | Entered Level 1 of Gehenna
 88202 | Geh:7    | Entered Level 7 of Gehenna
 88530 | Geh:7    | Noticed the Serpent of Hell
 88545 | Geh:7    | Killed the Serpent of Hell
 88774 | Geh:7    | Found the cursed +14 obsidian axe {chop, +Fly SInv *Curse}
 88787 | Geh:7    | Identified the Disquisition on Sinister Secrets and
                  | Enchantment
 88810 | Geh:7    | Got a crude hunting sling
 88811 | Geh:7    | Identified the +6 hunting sling of Red Wine {velocity,
                  | Dex+2} (You found it on level 7 of Gehenna)
 89065 | Geh:7    | Identified the +7 sceptre of Asmodeus
 89065 | Geh:7    | Noticed Asmodeus
 89093 | Geh:7    | Killed from afar by Asmodeus

Levels and vault maps discovered:
D:1:      dpeg_arrival_long_road, layout_basic
D:2:      layout_loops_ring, minmay_door_square
D:3:      layout_basic, uniq_robin
D:4:      layout_rooms, serial_rivers, chequers_serial_rivers_small_a,
          chequers_serial_rivers_micro_d, chequers_serial_rivers_micro_d,
          chequers_serial_rivers_marsh, chequers_serial_rivers_room_b,
          serial_shops, shop, nicolae_shop_behind_doors,
          nicolae_shop_window_shopping,
          nicolae_shop_temple_entry_statues_fountains, minmay_rat_hole,
          uniq_crazy_yiuf_cottage
D:5:      layout_basic, first_ration, portal_sewer_entry_d,
          minmay_manual_macuahuitl, uniq_ijyb
D:6:      layout_gridville, kennysheep_mini
D:7:      layout_basic, lemuel_coloured_pillars_altar,
          grunt_temple_overflow_open, minmay_temple_entry_wispy
D:8:      layout_loops_corners, lemuel_round_altar, lemuel_doored_altar,
          david_lair_shrubbed, serial_shops, shop, shop, shop, shop, shop,
          fedhas_altar_fruit_tree, uniq_maurice
D:9:      hangedman_screamer, layout_rooms, marbit_many_paths
D:10:     layout_cave_pools, serial_shops, shop, ebering_ghost_reflecting_pool,
          uniq_fannar
D:11:     layout_rooms, orc_david_3, special_room [special_room_bee],
          portal_ice_cave_entry_pillars_2
D:12:     layout_cave_pools, hangedman_pestilent_swarm, uniq_josephine
D:13:     layout_irregular_city, grunt_vaults_entry_tiered, drop_trap,
          st_stairs_4, uniq_rupert
D:14:     lemuel_flame_loot_2, layout_basic, gauntlet_entry_generic,
          serial_bayou_pond_d
D:15:     grunt_enter_depths_snipers, layout_basic, hangedman_decor_lopped,
          lemuel_nasty_fountain
Temple:   dshaligram_water_room_temple
Lair:1:   layout_cave_pods, grunt_megastairs_4, lemuel_fruit_fields
Lair:2:   layout_loops_ring, chequers_serial_rivers_marsh, grunt_megastairs_3
Lair:3:   layout_misc_corridors, guppyfry_snake_entry_island, uniq_gastronok
Lair:4:   layout_cave_pods, minmay_shoals_entry_lonely_mermaid
Lair:5:   layout_gridlike, grunt_forest_small_clearings, uniq_urug
Lair:6:   due_jungle_book, layout_loops_ring, nicolae_slime_entry_slimehenge,
          infiniplex_staircase_pool
Shoals:1: cheibrodos_shoals_roost, layout_shoals,
          nicolae_shoals_kraken_intersection
Shoals:2: layout_shoals, uniq_donald, uniq_polyphemus, uniq_jorgrun
Shoals:3: layout_shoals, ebering_ghost_davey_jones
Shoals:4: shoals_end_hangedman, layout_shoals, ebering_ghost_gozag
Snake:1:  layout_onion_interference
Snake:2:  cheibrodos_forgotten_conduit, layout_gridlike, serial_shops,
          shop_coins, serial_bayou_shore_a
Snake:3:  onia_ninara_swampy_vault, layout_misc_corridors, minmay_shop_grove
Snake:4:  minmay_snake_end_coiled, layout_rooms, serial_shops,
          nicolae_shop_temple_entry_statues_fountains, serial_bayou_lagoon_a,
          hangedman_snake_pattern, uniq_saint_roka
Slime:1:  layout_caves
Slime:2:  layout_caves
Slime:3:  layout_caves, dissolution_awaits
Slime:4:  layout_caves
Slime:5:  uniq_dissolution
Orc:1:    layout_caves, minmay_orc_temple_c
Orc:2:    st_orc_town, layout_caves, basic_altar
Elf:1:    eino_elf_arrival_sip, layout_onion_city, hangedman_elf_disciples,
          uniq_azrael
Elf:2:    layout_loops_ring, basic_altar, minmay_misc_feat_five,
          hangedman_research_metamorphosis, uniq_asterion
Elf:3:    minmay_elf_hall, layout_geoelf_octagon
Vaults:1: nicolae_vaults_rhombus_6, nicolae_vaults_twisting_passages,
          nicolae_vaults_stairing_the_circle, hangedman_vaults_pinch,
          vaults_room_pool, nicolae_vaults_network_s,
          nicolae_vaults_little_squares_5, nicolae_vaults_rhombus_5,
          nicolae_vaults_specimen_jars, nicolae_vaults_border_crossing,
          layout_vaults_big_room
Vaults:2: nicolae_vaults_network_square, v_misc_14, v_misc_17, vaults_room_grid,
          hangedman_vaults_trim, nicolae_vaults_diagonal_hallway_6,
          layout_vaults_omnigrid, serial_shops, bzr_in_the_mist
Vaults:3: ontoclasm_vaults_hangar, hangedman_vaults_variations, v_alt_pattern_5,
          nicolae_vaults_lopsided_apartments, ontoclasm_vaults_ring_small,
          v_misc_26, minmay_crypt_entry_simple_round, ontoclasm_vaults_eye,
          grunt_vaults_focal, nicolae_vaults_what_the_h, v_misc_30,
          vaults_dpeg_encased_lava, layout_vaults_ring, uniq_jory, uniq_mennas
Vaults:4: vaults_room_large_hall, v_pattern_2, v_rooms_1, vaults_mumra_hex,
          v_misc_26, ontoclasm_vaults_loading_screen, v_misc_25, v_misc_25,
          v_misc_3, st_cells, vaults_dpeg_hooks, layout_vaults_omnicross
Vaults:5: serial_shops
Crypt:1:  hangedman_staggered_hall, layout_chaotic_city, uniq_mara
Crypt:2:  layout_misc_corridors, feat_on_display
Crypt:3:  church_of_pain_bobbens, layout_chaotic_city,
          nicolae_tomb_entry_rubble_hallway
Depths:1: layout_gridville, nicolae_abyss_entry_one_way_or_another,
          minmay_holes, rand_demon_pan_entry_7, grunt_hell_entry_dis_mu,
          minivault_16, minmay_stone_trees_medium, kennysheep_generic_room_9
Depths:2: grunt_profane_halls [grunt_profane_temple_coc,
          grunt_profane_temple_geh, grunt_profane_temple_dis,
          grunt_profane_temple_tar, grunt_profane_loot], serial_shops,
          hell_entry
Depths:3: kennysheep_ambush_hall, layout_twisted_cross, hell_entry,
          chequers_serial_rivers_small_a, pan_entry
Depths:4: mu_elephants_graveyard, layout_cave_pools, abyss_entry_flame_altar,
          lightli_too_deep, serial_shops, shop, st_stairs_3
Depths:5: evilmike_zot_entry_hall, layout_basic, wad_floor_pattern_2,
          serial_sigils, serial_sigils_hangedman_clutch,
          serial_sigils_hangedman_gut, serial_sigils_hangedman_shear,
          serial_sigils_hangedman_shear, pf_hell_entry_tar_river,
          gammafunk_ghost_necromancy
Hell
Geh:1:    layout_gehenna_pools_basic, gehenna_fire_generator
Geh:2:    layout_gehenna_pools_box, evilmike_ambush
          [evilmike_ambush_outer_corners, evilmike_ambush_inner_pond],
          lemuel_elevator
Geh:3:    layout_gehenna_pools_box, evilmike_ambush
          [evilmike_ambush_outer_basic, evilmike_ambush_inner_basic]
Geh:4:    layout_gehenna_lava_caves
Geh:5:    layout_gehenna_pools_triple
Geh:6:    layout_gehenna_pools_box, lemuel_flamethrower_3
Geh:7:    evilmike_geh

Skill      XL: |  1  2  3  4  5  6  7  8  9 10 11 12 13 14 15 16 17 18 19 20 21 22 23 24 25 26 27 |
---------------+----------------------------------------------------------------------------------+-----
Axes           | 3 4 5 6 7 8 10 12 13 15 16 18 | 18.0
Shields        | 4 5 6 7 8 9 10 11 12 14 15 20 | 20.7
Armour         | 4 5 6 7 8 9 10 11 13 14 15 17 19 20 23 | 23.0
Invocations    | 3 6 8 10 12 14 16 17 18 19 21 22 23 24 25 27 | 27.0
Fighting       | 5 6 8 9 11 13 14 15 16 17 18 20 | 20.5
Dodging        | 2 3 6 7 10 11 12 | 12.0
Translocations | 4 5 7 9 |  9.0
Charms         | 4 5 7 |  7.0
Conjurations   | 6 13 16 22 | 22.8
Fire Magic     | 4 11 15 23 | 23.2

Action                   |  1- 3 |  4- 6 |  7- 9 | 10-12 | 13-15 | 16-18 | 19-21 | 22-24 | 25-27 || total
-------------------------+-------+-------+-------+-------+-------+-------+-------+-------+-------++-------
Melee: War axe           |   126 |   273 |   410 |       |       |       |       |       |       ||   809
       Broad axe         |       |       |    95 |   630 |  1499 |  1307 |  1360 |  1508 |  3636 || 10035
       Eveningstar       |       |       |       |       |     6 |       |       |       |       ||     6
       Flail             |       |       |       |       |    19 |    25 |       |       |       ||    44
       Sacred scourge    |       |       |       |       |       |       |    11 |       |       ||    11
 Fire: Hunting sling     |       |    14 |   122 |    17 |     6 |     4 |       |       |       ||   163
Throw: Stone             |       |       |     1 |    12 |       |       |       |       |       ||    13
       Dart              |       |       |       |    10 |    14 |       |       |     7 |       ||    31
       Javelin           |       |       |       |       |       |       |       |       |     4 ||     4
 Cast: Shroud of Golubri |       |       |       |       |       |    19 |    23 |    98 |   138 ||   278
       Infusion          |       |       |       |       |       |     5 |     4 |     1 |       ||    10
       Song of Slaying   |       |       |       |       |       |       |     8 |     6 |    22 ||    36
       Summon Butterflie |       |       |       |       |       |       |     1 |       |       ||     1
       Passage of Golubr |       |       |       |       |       |       |       |    20 |     4 ||    24
       Blink             |       |       |       |       |       |       |       |     2 |    13 ||    15
       Conjure Flame     |       |       |       |       |       |       |       |       |     2 ||     2
       Fireball          |       |       |       |       |       |       |       |       |     5 ||     5
       Apportation       |       |       |       |       |       |       |       |       |     2 ||     2
Invok: Recite            |       |       |     3 |     1 |    42 |    31 |    38 |    44 |    39 ||   198
       Sanctuary         |       |       |       |       |     3 |     2 |     2 |       |     3 ||    10
       Vitalisation      |       |       |       |       |     3 |     3 |     4 |     2 |     8 ||    20
       Imprison          |       |       |       |       |     1 |     3 |     2 |     1 |       ||     7
       Cleansing Flame   |       |       |       |       |       |       |       |       |    19 ||    19
       Summon Divine War |       |       |       |       |       |       |       |       |     2 ||     2
       Divine Shield     |       |       |       |       |       |       |       |       |     1 ||     1
       Brand Weapon With |       |       |       |       |       |       |       |       |     1 ||     1
 Abil: Stop Flying       |       |       |       |       |     1 |     4 |       |     1 |       ||     6
       Evoke Flight      |       |       |       |       |     1 |     4 |       |     1 |       ||     6
       Evoke Berserk Rag |       |       |       |       |       |     1 |       |       |       ||     1
       Evoke Ratskin     |       |       |       |       |       |       |       |     1 |       ||     1
Evoke: Wand              |       |     2 |     1 |       |     5 |       |       |       |       ||     8
       Sack of spiders   |       |       |       |       |     1 |       |       |       |       ||     1
       Phantom mirror    |       |       |       |       |       |       |       |       |     1 ||     1
  Use: Scroll            |       |     7 |    12 |     6 |    13 |     8 |     2 |     6 |    26 ||    80
       Potion            |       |       |     2 |       |     6 |       |     1 |     1 |     4 ||    14
 Stab: Confused          |       |       |       |       |    36 |    56 |    58 |    67 |    52 ||   269
       Paralysed         |       |       |       |       |    25 |     1 |    28 |    14 |    22 ||    90
       Invisible         |       |       |       |       |    10 |     1 |       |     9 |     4 ||    24
       Distracted        |       |       |       |       |     1 |     1 |       |     1 |       ||     3
       Petrified         |       |       |       |       |       |     7 |       |       |       ||     7
  Eat: Chunk             |       |     9 |    15 |    21 |    25 |    18 |    13 |    16 |    22 ||   139
       Ration            |       |       |     1 |     2 |     6 |     9 |     8 |    12 |    22 ||    60
Armor: Scale mail        |    15 |       |       |       |       |       |       |       |       ||    15
       Plate armour      |    85 |   190 |   312 |   256 |   620 |   486 |       |       |       ||  1949
       Pearl dragon scal |       |       |       |       |       |    80 |   365 |   517 |   469 ||  1431
       Gold dragon scale |       |       |       |       |       |       |       |       |   712 ||   712
Dodge: Dodged            |    26 |    35 |    93 |   138 |   361 |   466 |   544 |   778 |  1425 ||  3866
Block: Shield            |    72 |   146 |   249 |   310 |   919 |   925 |   902 |  1140 |  3209 ||  7872
       Reflection        |       |       |       |       |       |    22 |   103 |    49 |    83 ||   257
